[Event "Titled Tuesday Blitz January 31 Early 2023"]
[White "Begunov, Konstantin"]
[Black "Taspinar, Yanki"]
[WhiteFideId "4118510"]
[BlackFideId "34561188"]
[WhiteElo "2325"]
[BlackElo "2262"]
[Result "0-1"]
[Round "03"]
[TimeControl "180+2"]
[Date "2023.01.31"]
[WhiteClock "0:00:09"]
[BlackClock "0:01:46"]

1. d4 d5 2. c4 Nc6 3. cxd5 Qxd5 4. e3 e5 5. Nc3 Bb4 6. Bd2 Qd8 7. dxe5 Nge7 8. a3 Ba5 9. f4 O-O 10. Nf3 Bf5 11. Bc4 Bd3 12. Bxd3 Qxd3 13. Qe2 Qc2 14. b4 Bb6 15. Ra2 Qb3 16. O-O Nd5 17. Qd1 Qc4 18. Rc2 Nxe3 19. Bxe3 Bxe3+ 20. Kh1 Rad8 21. Qe2 Qxf4 22. b5 Nxe5 23. Nxe5 Qxe5 24. Re1 Rfe8 25. Nd1 Bd4 26. Qxe5 Rxe5 27. Rf1 Bb6 28. a4 Rde8 29. g3 f5 30. Kg2 g6 31. Nf2 Re2 32. Rxe2 Rxe2 33. Kf3 Rxf2+ 34. Rxf2 Bxf2 35. Kxf2 Kf7 36. Ke3 Ke6 37. a5 a6 38. b6 cxb6 39. axb6 g5 40. Kd4 Kd6 41. h4 h6 42. h5 a5 43. Kc4 f4 44. gxf4 gxf4 45. Kd4 a4 46. Ke4 a3 47. Kxf4 a2 48. Kf5 a1=Q 49. Kg6 Qc1 50. Kh7 Qg5 0-1


[Site "https://www.chess.com"]

[Event "Titled Tuesday Blitz January 31 Early 2023"]
[White "Wahedi, Ahmad Siar"]
[Black "Belozerov, Andrei"]
[WhiteFideId "4651260"]
[BlackFideId "4120213"]
[WhiteElo "2274"]
[BlackElo "2461"]
[Result "0-1"]
[Round "03"]
[TimeControl "180+2"]
[Date "2023.01.31"]
[WhiteClock "0:00:18"]
[BlackClock "0:00:36"]

1. e4 c5 2. Nf3 Nc6 3. Nc3 g6 4. d4 cxd4 5. Nxd4 Bg7 6. Be3 Nf6 7. f3 O-O 8. Qd2 d5 9. exd5 Nxd5 10. Nxc6 bxc6 11. O-O-O Rb8 12. Bd4 e5 13. Bc5 Be6 14. Bc4 Re8 15. Ne4 h6 16. Kb1 f5 17. Nc3 e4 18. Bxd5 Bxd5 19. Bd4 exf3 20. Bxg7 Kxg7 21. Nxd5 cxd5 22. Qc3+ Qf6 23. Qxf6+ Kxf6 24. gxf3 Re3 25. Rhf1 Ke5 26. Kc1 g5 27. Rf2 d4 28. b3 h5 29. Kb2 g4 30. fxg4 hxg4 31. Rfd2 Rd8 32. Rf2 f4 33. Rg1 Rg8 34. Rfg2 f3 35. Rd2 Ke4 36. Rgd1 Rd8 37. Rg1 Kf4 38. Rgd1 Re2 39. Rxd4+ Rxd4 40. Rxd4+ Ke3 41. Rd8 f2 42. Rf8 Re1 0-1


[Site "https://www.chess.com"]

[Event "Titled Tuesday Blitz January 31 Early 2023"]
[White "Kononenko, Dmitry"]
[Black "Melaugh, Shane"]
[WhiteFideId "14113538"]
[BlackFideId "2509580"]
[WhiteElo "2256"]
[BlackElo "2115"]
[Result "1-0"]
[Round "03"]
[TimeControl "180+2"]
[Date "2023.01.31"]
[WhiteClock "0:01:02"]
[BlackClock "0:00:45"]

1. e4 e6 2. Qe2 c5 3. g3 Nc6 4. Nf3 g6 5. Bg2 Bg7 6. O-O Nge7 7. d3 h6 8. e5 Qc7 9. Re1 O-O 10. Nc3 a6 11. h4 d5 12. exd6 Qxd6 13. Ne4 Qc7 14. Bf4 e5 15. Be3 Nd4 16. Qd1 Bg4 17. c3 f5 18. Nxc5 Qxc5 19. cxd4 exd4 20. Bf4 Nc6 21. Qd2 Kh7 22. Rac1 Qb4 23. Qxb4 Nxb4 24. Rc7 Rfe8 25. Rxe8 Rxe8 26. Be5 Rg8 27. Nxd4 Nxd3 28. Bf6 Kh8 29. Rxg7 Rxg7 30. Ne6 f4 31. Nxg7 Kg8 32. Bd5+ Kh7 33. Ne6 fxg3 34. fxg3 Nb4 35. Nf8# 1-0


[Site "https://www.chess.com"]

[Event "Titled Tuesday Blitz January 31 Early 2023"]
[White "Kielinkei"]
[Black "Domingo Nunez, Alejandro"]
[BlackFideId "22245561"]
[WhiteElo "2440"]
[BlackElo "2338"]
[Result "1-0"]
[Round "03"]
[TimeControl "180+2"]
[Date "2023.01.31"]
[WhiteClock "0:00:37"]
[BlackClock "0:00:02"]

1. Nf3 g6 2. e4 Bg7 3. d4 c6 4. Be2 d5 5. exd5 cxd5 6. O-O Nc6 7. c3 Bg4 8. Bf4 e6 9. h3 Bxf3 10. Bxf3 Nge7 11. Nd2 O-O 12. Nb3 Nf5 13. Nc5 b6 14. Nd3 Nd6 15. Re1 Qe7 16. Bxd5 Rac8 17. Bf3 Rfd8 18. d5 Na5 19. dxe6 Ndc4 20. exf7+ Qxf7 21. Qc2 Rxd3 22. Qxd3 Qxf4 23. b4 Ne5 24. Qd5+ Qf7 25. Qxf7+ Nxf7 26. bxa5 Bxc3 27. Rac1 Rc5 28. Re8+ Kg7 29. axb6 axb6 30. Re3 Bd4 31. Rxc5 Bxc5 32. Re6 Ng5 33. Rc6 Nxf3+ 34. gxf3 Kh6 35. a4 Bd4 36. Rc4 Be5 37. Rb4 Bc7 38. Rc4 Bd6 39. f4 Be7 40. Rc6 Bd8 41. Rd6 Be7 42. Rxb6 Bc5 43. a5 1-0


[Site "https://www.chess.com"]

[Event "Titled Tuesday Blitz January 31 Early 2023"]
[White "Forgacs, Attila Jr."]
[Black "Kvaloy, Aksel Bu"]
[WhiteFideId "773654"]
[BlackFideId "1528815"]
[WhiteElo "2264"]
[BlackElo "2321"]
[Result "0-1"]
[Round "03"]
[TimeControl "180+2"]
[Date "2023.01.31"]
[WhiteClock "0:00:02"]
[BlackClock "0:01:14"]

1. e4 e5 2. Nf3 Nf6 3. Nc3 Nc6 4. a3 d5 5. exd5 Nxd5 6. Bb5 Nxc3 7. bxc3 Bd6 8. O-O O-O 9. d4 exd4 10. cxd4 Bg4 11. c3 Na5 12. Bd3 c6 13. h3 Bh5 14. Bc2 Re8 15. Be3 Bc7 16. Re1 Qd6 17. Qd3 Bg6 18. Qd2 Bxc2 19. Qxc2 Nc4 20. Qd3 Qd5 21. a4 a6 22. Rab1 b5 23. axb5 axb5 24. Ng5 f5 25. Bd2 h6 26. Nf3 Re4 27. Be3 Rae8 28. Nd2 Nxd2 29. Bxd2 Qd6 30. g3 Qd5 31. Rxe4 fxe4 32. Qe2 Qf5 33. Qg4 Qd5 34. Qe2 Bb6 35. Re1 b4 0-1


[Site "https://www.chess.com"]

[Event "Titled Tuesday Blitz January 31 Early 2023"]
[White "Belov, Alexei"]
[Black "Klose, Eli"]
[WhiteFideId "4128206"]
[BlackFideId "16242955"]
[WhiteElo "2421"]
[BlackElo "1519"]
[Result "1-0"]
[Round "03"]
[TimeControl "180+2"]
[Date "2023.01.31"]
[WhiteClock "0:02:10"]
[BlackClock "0:01:58"]

1. e4 e6 2. d4 d5 3. Nd2 Be7 4. Ngf3 Nf6 5. e5 Nfd7 6. Bd3 c5 7. c3 Nc6 8. O-O a5 9. Re1 cxd4 10. cxd4 Qb6 11. Nf1 Nxd4 12. Be3 Nxf3+ 13. Qxf3 Bc5 14. Qg3 Bxe3 15. Nxe3 g6 16. Ng4 h5 17. Nf6+ Nxf6 18. exf6 Qxb2 19. Qd6 Qxf6 20. Bb5+ Bd7 21. Bxd7+ Kd8 22. Bc6+ Kc8 23. Qd7+ Kb8 24. Qxb7# 1-0


[Site "https://www.chess.com"]

[Event "Titled Tuesday Blitz January 31 Early 2023"]
[White "Babikov, Ivan"]
[Black "Arenas, David"]
[WhiteFideId "4161106"]
[BlackFideId "4403177"]
[WhiteElo "2239"]
[BlackElo "2426"]
[Result "0-1"]
[Round "03"]
[TimeControl "180+2"]
[Date "2023.01.31"]
[WhiteClock "0:00:46"]
[BlackClock "0:00:40"]

1. d4 Nf6 2. Bg5 e6 3. e4 h6 4. Bxf6 Qxf6 5. c3 d6 6. Bd3 e5 7. Ne2 Nd7 8. O-O Qd8 9. f4 Be7 10. Nd2 O-O 11. Nc4 c6 12. dxe5 dxe5 13. fxe5 Nc5 14. Bc2 Bg4 15. Qxd8 Raxd8 16. Nd4 Ne6 17. Nf5 Bc5+ 18. Kh1 Be2 19. Rae1 Bxc4 20. Rf3 Rd2 21. Bb3 Bxb3 22. axb3 Rfd8 23. b4 Rd1 24. Ref1 Rxf1+ 25. Rxf1 Bf8 26. Ne3 g6 27. h3 Bg7 28. Nc4 Ng5 29. Nd6 Rd7 30. h4 Ne6 31. Ra1 Bxe5 32. Nc4 Bb8 33. e5 Kg7 34. Rf1 a6 35. Rf2 b5 36. Nb6 Rd1+ 37. Kh2 Bxe5+ 38. g3 c5 39. Re2 f6 40. Nc8 Kf7 41. Na7 cxb4 42. cxb4 Rb1 43. Nc6 Nd4 44. Nxe5+ fxe5 45. Rxe5 Nf3+ 46. Kh3 Nxe5 47. h5 g5 48. g4 Rxb2 49. Kg3 Rxb4 50. Kh2 Rxg4 51. Kh1 b4 52. Kh2 b3 53. Kh3 b2 54. Kh2 b1=Q 55. Kh3 Qh1# 0-1


[Site "https://www.chess.com"]

[Event "Titled Tuesday Blitz January 31 Early 2023"]
[White "Arabidze, Meri"]
[Black "Li, Hui"]
[WhiteFideId "13604040"]
[BlackFideId "15400310"]
[WhiteElo "2441"]
[BlackElo "1963"]
[Result "1-0"]
[Round "03"]
[TimeControl "180+2"]
[Date "2023.01.31"]
[WhiteClock "0:00:02"]
[BlackClock "0:00:01"]

1. Nf3 d5 2. b3 c5 3. e3 Nf6 4. Bb2 e6 5. c4 dxc4 6. bxc4 Be7 7. d4 cxd4 8. exd4 O-O 9. Bd3 b6 10. O-O Bb7 11. Nbd2 Nbd7 12. Nb3 Rc8 13. Rc1 Qc7 14. Re1 Qb8 15. d5 Nc5 16. Nxc5 Bxc5 17. Bxf6 gxf6 18. Qd2 f5 19. Qg5+ Kh8 20. Qf6+ Kg8 21. dxe6 fxe6 22. Qxe6+ Kh8 23. Ne5 Qc7 24. Qh6 Qg7 25. Qxg7+ Kxg7 26. Nd7 Rfd8 27. Nxc5 Rxc5 28. Re7+ Kf6 29. Rxb7 Rxd3 30. g3 Ra3 31. Rc2 Ra4 32. Rxh7 b5 33. Rh4 Raxc4 34. Rhxc4 bxc4 35. f4 Ke6 36. Kf2 Kd5 37. Ke3 Rc8 38. h3 Re8+ 39. Kf3 Kd4 40. g4 Re3+ 41. Kg2 Re4 42. Kg3 Re3+ 43. Kh4 Re4 44. Kg5 fxg4 45. hxg4 Kd3 46. Rc1 Kd2 47. Rxc4 Rxc4 48. f5 Ke3 49. f6 Kf3 50. f7 Rc8 51. Kf5 1-0


[Site "https://www.chess.com"]

[Event "Titled Tuesday Blitz January 31 Early 2023"]
[White "Gonzalez, Francisco Silva"]
[Black "Korchmar, Vasiliy"]
[WhiteFideId "1512285"]
[BlackFideId "24131750"]
[WhiteElo "2021"]
[BlackElo "2438"]
[Result "0-1"]
[Round "03"]
[TimeControl "180+2"]
[Date "2023.01.31"]
[WhiteClock "0:01:13"]
[BlackClock "0:01:59"]

1. d4 Nf6 2. c4 c6 3. Nc3 d5 4. e3 e6 5. Nf3 Nbd7 6. Bd3 dxc4 7. Bxc4 Bd6 8. O-O O-O 9. e4 e5 10. Bg5 h6 11. Bh4 exd4 12. Nxd4 Ne5 13. Bb3 Bb4 14. Re1 Ng6 15. Bg3 Bg4 16. Qd3 c5 17. e5 Qxd4 18. Qxg6 c4 19. Nb5 fxg6 20. Nxd4 cxb3 21. exf6 Bxe1 22. fxg7 Rfe8 23. Nxb3 Bb4 24. Nd4 Re1+ 25. Rxe1 Bxe1 26. h3 Bd7 27. b3 Bc3 28. Nf3 Bxg7 29. Bf4 g5 30. Bd6 Rc8 31. a4 Rc1+ 32. Kh2 Rb1 33. b4 Bxa4 34. g4 Bc6 35. Nd2 Rb2 36. Nc4 Rxf2+ 37. Kg1 Bd4 38. Bc5 Rg2+ 39. Kf1 Bxc5 40. bxc5 Rc2 41. Ne5 Bb5+ 42. Kg1 a5 43. c6 bxc6 44. Nd7 a4 45. Ne5 a3 46. Nd3 a2 47. Ne1 a1=Q 48. h4 Qxe1# 0-1


[Site "https://www.chess.com"]

[Event "Titled Tuesday Blitz January 31 Early 2023"]
[White "Chylewski, Patryk"]
[Black "Rengifo Blancas, Renzo Jhonathan"]
[WhiteFideId "1186191"]
[BlackFideId "3807185"]
[WhiteElo "2281"]
[BlackElo "2131"]
[Result "1-0"]
[Round "03"]
[TimeControl "180+2"]
[Date "2023.01.31"]
[WhiteClock "0:00:10"]
[BlackClock "0:00:08"]

1. e4 e5 2. Nf3 Nc6 3. d4 exd4 4. Bc4 Bc5 5. c3 Nf6 6. e5 d5 7. Be2 Ne4 8. cxd4 Bb4+ 9. Bd2 Bxd2+ 10. Nbxd2 O-O 11. O-O f6 12. Re1 Bg4 13. exf6 Qxf6 14. h3 Bh5 15. Nxe4 dxe4 16. Bc4+ Kh8 17. Rxe4 Bxf3 18. Qxf3 Qxf3 19. gxf3 Rxf3 20. Kg2 Raf8 21. Rf1 h6 22. d5 R3f4 23. Rxf4 Rxf4 24. dxc6 Rxc4 25. cxb7 Rb4 26. b3 Rxb7 27. Rc1 Kg8 28. Kf3 Kf7 29. Ke4 Ke6 30. Rc6+ Ke7 31. Kf5 Rb5+ 32. Kg6 Rg5+ 33. Kh7 Kd8 34. Rg6 Rh5 35. Kxg7 Rxh3 36. Rxh6 Rd3 37. f4 Ke7 38. f5 Rg3+ 39. Rg6 Rf3 40. f6+ Kd7 41. Kg8 Ke6 42. f7+ Ke7 43. Rg7 Kd6 44. f8=Q+ Rxf8+ 45. Kxf8 a5 46. Rg5 c6 47. Rxa5 c5 48. Kf7 Kc6 49. Ke6 Kb6 50. Ra8 Kb5 51. Rc8 Kb4 52. Kd5 Ka3 53. Rxc5 Kxa2 54. b4 Kb3 55. b5 Ka4 56. b6 Kb4 57. b7 Ka4 58. b8=Q Ka3 59. Ra5# 1-0


[Site "https://www.chess.com"]

[Event "Titled Tuesday Blitz January 31 Early 2023"]
[White "Balint, Vilmos"]
[Black "Dimitrov, Atanas"]
[WhiteFideId "718050"]
[BlackFideId "2901315"]
[WhiteElo "2169"]
[BlackElo "2269"]
[Result "0-1"]
[Round "03"]
[TimeControl "180+2"]
[Date "2023.01.31"]
[WhiteClock "0:01:41"]
[BlackClock "0:01:19"]

1. e4 c5 2. Nf3 d6 3. d4 cxd4 4. Bb5+ Bd7 5. Bxd7+ Nxd7 6. Nxd4 Ngf6 7. f3 g6 8. O-O Bg7 9. c4 O-O 10. b3 Rc8 11. Bb2 a6 12. Kh1 Qa5 13. a4 Qh5 14. Nc3 Rfd8 15. Rc1 Ne5 16. Qd2 e6 17. Nce2 Bh6 18. Nf4 Qg5 19. g3 Nh5 20. Nde2 Nc6 21. Qc3 Bg7 22. Qd2 e5 23. g4 Nxf4 24. Nxf4 Qxf4 25. Qf2 Nd4 26. Kg2 Nxb3 0-1


[Site "https://www.chess.com"]

[Event "Titled Tuesday Blitz January 31 Early 2023"]
[White "Panesso Rivera, Henry"]
[Black "Liimatainen, Jero"]
[WhiteFideId "4402707"]
[BlackFideId "509531"]
[WhiteElo "2342"]
[BlackElo "1948"]
[Result "1-0"]
[Round "03"]
[TimeControl "180+2"]
[Date "2023.01.31"]
[WhiteClock "0:00:22"]
[BlackClock "0:00:21"]

1. Nf3 c5 2. g3 g6 3. Bg2 Bg7 4. c4 Nc6 5. Nc3 d6 6. d3 Bd7 7. h4 h5 8. Bg5 Qc8 9. Qd2 Rb8 10. Rb1 a6 11. a3 b5 12. b3 bxc4 13. dxc4 Nh6 14. O-O Nf5 15. Nd5 f6 16. Bf4 Kf7 17. b4 e5 18. Be3 Ncd4 19. Rfc1 Be6 20. Bxd4 Nxd4 21. e3 Nxf3+ 22. Bxf3 g5 23. hxg5 fxg5 24. bxc5 Rxb1 25. Rxb1 dxc5 26. Nb6 Qc7 27. Bd5 Bxd5 28. Qxd5+ Kg6 29. Qe6+ Bf6 30. Qxf6+ Kxf6 31. Nd5+ Kf5 32. Nxc7 h4 33. gxh4 Rxh4 34. Rc1 Ke4 35. Kg2 Kd3 36. Nxa6 Rxc4 37. Rxc4 Kxc4 38. Kf3 Kb5 39. Nxc5 Kxc5 40. Ke4 Kd6 41. a4 g4 42. a5 Kc5 43. Kxe5 g3 44. fxg3 Kb5 45. g4 Kxa5 46. g5 1-0


[Site "https://www.chess.com"]

[Event "Titled Tuesday Blitz January 31 Early 2023"]
[White "Alfaro, William"]
[Black "Mammadzada, Gunay"]
[WhiteFideId "6100457"]
[BlackFideId "13403729"]
[WhiteElo "2134"]
[BlackElo "2449"]
[Result "1-0"]
[Round "03"]
[TimeControl "180+2"]
[Date "2023.01.31"]
[WhiteClock "0:00:09"]
[BlackClock "0:00:05"]

1. Nf3 d5 2. g3 c6 3. Bg2 Bg4 4. d3 Nd7 5. O-O e6 6. e4 Ngf6 7. Qe2 dxe4 8. dxe4 e5 9. Nbd2 Bc5 10. h3 Bh5 11. Nb3 Bb6 12. Be3 O-O 13. c4 a5 14. a4 Bxe3 15. Qxe3 Bxf3 16. Bxf3 Qb6 17. c5 Qc7 18. Rac1 Rfd8 19. Rc3 Nf8 20. Rfc1 Ne6 21. Nd2 Nd4 22. Nc4 Nd7 23. Kg2 Nxc5 24. Nxe5 Nxa4 25. Ra3 Nxb2 26. Ng4 b5 27. e5 Nc4 28. Rxc4 bxc4 29. Be4 h5 30. Nh2 Rab8 31. Qg5 Ne6 32. Qxh5 g6 33. Bxg6 fxg6 34. Qxg6+ Ng7 35. Ng4 Rf8 36. h4 Rb3 37. Ra4 Rb4 38. Ra3 Kh8 39. h5 Qf7 40. Qh6+ Kg8 41. Nf6+ Qxf6 42. exf6 Ne8 43. Qg6+ Kh8 44. f7 1-0


[Site "https://www.chess.com"]

[Event "Titled Tuesday Blitz January 31 Early 2023"]
[White "Ambartsumova, Karina"]
[Black "Mejia, Cherry Ann"]
[WhiteFideId "4166299"]
[BlackFideId "5206880"]
[WhiteElo "2393"]
[BlackElo "1935"]
[Result "0-1"]
[Round "03"]
[TimeControl "180+2"]
[Date "2023.01.31"]
[WhiteClock "0:00:03"]
[BlackClock "0:00:09"]

1. Nf3 d5 2. g3 Nf6 3. Bg2 b5 4. a4 b4 5. O-O e6 6. d4 c5 7. c4 Bb7 8. Ne5 cxd4 9. Qxd4 Nc6 10. Nxc6 Bxc6 11. a5 Be7 12. Nd2 O-O 13. Nb3 Qc8 14. cxd5 Bxd5 15. Bxd5 Nxd5 16. e4 Bf6 17. Qd3 Ne7 18. f4 Rd8 19. Qf3 Nc6 20. e5 Be7 21. Be3 Rd3 22. Nc1 Nd4 23. Bxd4 Rxf3 24. Rxf3 Qc2 25. Nb3 Qe4 26. Re3 Qd5 27. Rc1 h6 28. Rc7 Bf8 29. Rc2 Rd8 30. Kf2 Qh1 31. Ree2 Qxh2+ 32. Kf3 Qh5+ 33. Kg2 Qf5 34. Rcd2 Rd7 35. Kf3 Qb1 36. Kg2 Qa2 37. Nc5 Bxc5 38. Bxc5 Rd5 39. Bxa7 Qxa5 40. Bf2 Qa8 41. Kg1 Qa1+ 42. Kg2 b3 43. Kf3 Qa8 44. Ke3 Qc6 45. Rxd5 Qxd5 46. Rd2 Qc5+ 47. Ke2 Qc4+ 48. Rd3 Qc2+ 49. Rd2 Qe4+ 50. Be3 Qg2+ 51. Bf2 h5 52. Rd3 Qe4+ 53. Be3 Qc4 54. Bc1 Qc2+ 55. Bd2 Qxb2 56. Rd8+ Kh7 57. Kd3 Kg6 58. Rc8 Qb1+ 59. Ke2 b2 60. Rb8 Qe4+ 0-1


[Site "https://www.chess.com"]

[Event "Titled Tuesday Blitz January 31 Early 2023"]
[White "Odegov, Artem"]
[Black "Lucassen, Mickey"]
[WhiteFideId "34183644"]
[BlackFideId "12919110"]
[WhiteElo "2261"]
[BlackElo "2023"]
[Result "1-0"]
[Round "03"]
[TimeControl "180+2"]
[Date "2023.01.31"]
[WhiteClock "0:00:12"]
[BlackClock "0:00:04"]

1. d4 Nf6 2. c4 g6 3. Nc3 d5 4. cxd5 Nxd5 5. e4 Nxc3 6. bxc3 Bg7 7. Bc4 O-O 8. Ne2 c5 9. Be3 Nc6 10. O-O b6 11. dxc5 Qc7 12. Nd4 Ne5 13. Nb5 Qb8 14. Be2 a6 15. Nd4 bxc5 16. Rb1 Qc7 17. Nb3 Nd7 18. Qc2 Bb7 19. Rfd1 Rab8 20. Rd2 c4 21. Nd4 Nc5 22. f3 e5 23. Bxc4 exd4 24. cxd4 Nxe4 25. fxe4 Bxe4 26. Bxf7+ Qxf7 27. Qxe4 Rbe8 28. Qd3 Qe6 29. Bf2 Bh6 30. Rc2 Qd5 31. Qb3 Qxb3 32. Rxb3 Rc8 33. Rbc3 Rb8 34. g3 Bg7 35. Rc7 Rfd8 36. Rd2 Rb5 37. Kg2 Rbd5 38. Rc4 a5 39. a4 Kf7 40. Kf3 Ke6 41. Ke4 R8d6 42. Be3 Rf5 43. Rc5 Rfd5 44. Rxd5 Rxd5 45. Rb2 Rd6 46. Rb5 Ra6 47. Bf4 Bf6 48. d5+ Kf7 49. Rb7+ Kg8 50. d6 Ra8 51. Kd5 Rd8 52. Ke6 Bg7 53. Bg5 Re8+ 54. Be7 Bf8 55. Ra7 Bxe7 56. dxe7 Kg7 57. Rd7 Kg8 58. Rd8 1-0


[Site "https://www.chess.com"]

[Event "Titled Tuesday Blitz January 31 Early 2023"]
[White "Subelj, Jan"]
[Black "Rose, Felix"]
[WhiteFideId "14618583"]
[BlackFideId "5105722"]
[WhiteElo "2513"]
[BlackElo "2091"]
[Result "1-0"]
[Round "03"]
[TimeControl "180+2"]
[Date "2023.01.31"]
[WhiteClock "0:02:05"]
[BlackClock "0:00:26"]

1. b3 e5 2. Bb2 Nc6 3. c4 Nf6 4. e3 Bc5 5. a3 a5 6. Nc3 O-O 7. Qc2 Re8 8. Nf3 e4 9. Ng5 Qe7 10. f3 exf3 11. Nd5 f2+ 12. Kd1 Nd4 13. Nxe7+ Rxe7 14. Qd3 Nc6 15. Bxf6 1-0


[Site "https://www.chess.com"]

[Event "Titled Tuesday Blitz January 31 Early 2023"]
[White "Skuhala, Barbara"]
[Black "Aggelis, Nikolaos"]
[WhiteFideId "14605465"]
[BlackFideId "4213220"]
[WhiteElo "2153"]
[BlackElo "2270"]
[Result "0-1"]
[Round "03"]
[TimeControl "180+2"]
[Date "2023.01.31"]
[WhiteClock "0:00:07"]
[BlackClock "0:01:08"]

1. e4 c5 2. Nf3 g6 3. d4 cxd4 4. Nxd4 Bg7 5. f3 Nc6 6. Nb3 e6 7. c4 Nge7 8. Nc3 Bxc3+ 9. bxc3 d5 10. cxd5 exd5 11. exd5 Qxd5 12. Qxd5 Nxd5 13. Bb2 Ne3 14. Kf2 Nxf1 15. Rhxf1 O-O 16. Rad1 Be6 17. Ba3 Rfd8 18. Nc5 Bxa2 19. Nxb7 Rxd1 20. Rxd1 a5 21. Nc5 Bc4 22. Ne4 f5 23. Nd6 Bb3 24. Rd2 Ne5 25. f4 Nc4 26. Nxc4 Bxc4 27. Rd4 Rc8 28. g3 a4 29. h3 Kf7 30. g4 Ke6 31. Ke3 Bd5 32. Bb4 Ra8 33. Ba3 Rc8 34. Bb4 Rb8 35. gxf5+ gxf5 36. Rd1 Rg8 37. Kd4 Rg3 38. Re1+ Be4 39. Kc5 Rxh3 40. c4 Rb3 41. Ra1 Rf3 42. Rxa4 Rxf4 43. Ra6+ Kf7 44. Bc3 Rf3 45. Bd4 Rf1 46. Ra7+ Kg6 47. Ra6+ Kg5 48. Kd6 Rd1 49. Ke5 Bd3 50. c5 Bxa6 0-1


[Site "https://www.chess.com"]

[Event "Titled Tuesday Blitz January 31 Early 2023"]
[White "Alahakoon, Isuru"]
[Black "Lymar, Vladislav"]
[WhiteFideId "9900993"]
[BlackFideId "14162180"]
[WhiteElo "1819"]
[BlackElo "2119"]
[Result "0-1"]
[Round "03"]
[TimeControl "180+2"]
[Date "2023.01.31"]
[WhiteClock "0:00:01"]
[BlackClock "0:00:06"]

1. Nf3 c5 2. c3 d5 3. d4 Nc6 4. Bf4 Nf6 5. e3 Qb6 6. Qc2 Bf5 7. dxc5 Bxc2 8. cxb6 axb6 9. Na3 Be4 10. Nb5 Kd7 11. Ng5 Bg6 12. Bc7 Ra6 13. h4 e5 14. g3 Bc5 15. Bh3+ Ke7 16. b4 Nxb4 17. cxb4 Bxb4+ 18. Kf1 Bd3+ 19. Kg2 Bxb5 20. Bxe5 Bc4 21. a4 Rha8 22. Bd4 Bc5 23. Nf3 Rxa4 24. Rxa4 Rxa4 25. Rb1 Ba6 26. Rc1 Ne4 27. Ne5 f6 28. Nf3 Kd6 29. Rd1 Be2 30. Rc1 Bxf3+ 31. Kxf3 Bxd4 32. exd4 Rxd4 33. Rc8 Rd3+ 34. Kg2 Rd2 35. Rd8+ Kc6 36. Rd7 Rxf2+ 37. Kg1 g5 38. Rxh7 Nxg3 39. h5 Rd2 40. h6 f5 41. Rg7 Rd1+ 42. Kg2 Nh5 43. h7 Nxg7 44. h8=Q Ne6 45. Qh7 Nf4+ 0-1


[Site "https://www.chess.com"]

[Event "Titled Tuesday Blitz January 31 Early 2023"]
[White "Sielecki, Christof"]
[Black "Mione, Dario"]
[WhiteFideId "4620437"]
[BlackFideId "806625"]
[WhiteElo "2419"]
[BlackElo "2228"]
[Result "1-0"]
[Round "03"]
[TimeControl "180+2"]
[Date "2023.01.31"]
[WhiteClock "0:01:16"]
[BlackClock "0:00:04"]

1. e4 e5 2. Nf3 Nf6 3. Nxe5 d6 4. Nf3 Nxe4 5. d4 d5 6. Bd3 Bf5 7. O-O Be7 8. Re1 O-O 9. Nbd2 Nxd2 10. Bxf5 Nxf3+ 11. Qxf3 Nc6 12. c3 Bf6 13. Bc2 Ne7 14. g3 Re8 15. h4 c6 16. h5 Nc8 17. Rxe8+ Qxe8 18. Qf5 h6 19. Bd2 Nd6 20. Qh7+ Kf8 21. Re1 Ne4 22. Bxe4 dxe4 23. Qh8+ Ke7 24. Rxe4+ Kd7 25. Rxe8 Rxe8 26. Qh7 1-0


[Site "https://www.chess.com"]

[Event "Titled Tuesday Blitz January 31 Early 2023"]
[White "Tica, Sven"]
[Black "Zampronha, Wladimir Camilo"]
[WhiteFideId "14526948"]
[BlackFideId "2103087"]
[WhiteElo "2431"]
[BlackElo "2176"]
[Result "1-0"]
[Round "03"]
[TimeControl "180+2"]
[Date "2023.01.31"]
[WhiteClock "0:02:02"]
[BlackClock "0:00:40"]

1. e4 c5 2. Nc3 Nc6 3. f4 e6 4. Nf3 d5 5. Bb5 Ne7 6. O-O dxe4 7. Nxe4 a6 8. Bxc6+ Nxc6 9. d3 Be7 10. Be3 Nd4 11. c3 Nxf3+ 12. Qxf3 Qxd3 13. Nxc5 Bxc5 14. Bxc5 Qxf3 15. Rxf3 Bd7 16. Rd3 O-O-O 17. Bb6 Rde8 18. Rad1 Bc6 19. Kf2 Bd5 20. c4 Bc6 21. b3 h6 22. a4 g5 23. fxg5 hxg5 24. h3 f5 25. Rd6 Be4 26. b4 Rhg8 27. b5 Rh8 28. a5 Rhg8 29. Rd7 Bd5 30. Rc7+ Kb8 31. cxd5 1-0


[Site "https://www.chess.com"]

[Event "Titled Tuesday Blitz January 31 Early 2023"]
[White "Fajdetic, Hrvoje"]
[Black "Aaditya Dhingra"]
[WhiteFideId "14501945"]
[BlackFideId "25678191"]
[WhiteElo "2151"]
[BlackElo "2027"]
[Result "0-1"]
[Round "03"]
[TimeControl "180+2"]
[Date "2023.01.31"]
[WhiteClock "0:00:09"]
[BlackClock "0:00:24"]

1. d4 Nf6 2. Bf4 b6 3. Nc3 Bb7 4. Qd3 d5 5. Qh3 e6 6. e3 Bb4 7. Ne2 O-O 8. a3 Bd6 9. Bg5 Be7 10. O-O-O a6 11. Nf4 b5 12. Bd3 Ne4 13. Bxe7 Qxe7 14. f3 Ng5 15. Qh4 f5 16. Nxe6 Qxe6 17. Qxg5 Nc6 18. e4 Nxd4 19. exf5 Qb6 20. f6 Qxf6 21. Qxf6 Rxf6 22. Bxh7+ Kxh7 23. Rxd4 c5 24. Rh4+ Kg8 25. Rd1 Rf5 26. b4 Rc8 27. Kb2 Rg5 28. g3 d4 29. Ne4 Bxe4 30. Rxe4 Rd5 31. bxc5 Rdxc5 32. Rd2 Rc3 33. f4 d3 34. cxd3 a5 35. h4 Kf7 36. g4 a4 37. Rb4 R3c5 38. h5 Rd5 39. d4 Re8 40. Rf2 Re4 41. Kc3 Re3+ 42. Kb2 Rd3 43. g5 R3xd4 44. Rxd4 Rxd4 45. f5 Rh4 46. h6 gxh6 47. gxh6 Rxh6 48. Rc2 Rh3 49. Rc5 Rb3+ 50. Ka2 Kf6 51. Rd5 Kg5 52. Rc5 Kf6 53. Rd5 Ke7 54. Rc5 Kd6 55. Rc2 Rf3 56. Rd2+ Kc5 57. Rc2+ Kb6 58. Re2 Rxf5 59. Re6+ Kc5 60. Re2 Kc4 61. Rc2+ Kd3 62. Rb2 Re5 63. Rb1 Re2+ 64. Ka1 Kc4 65. Rb4+ Kc5 66. Rb1 Rc2 67. Rb4 Rc4 68. Rb2 Rc3 69. Ka2 Rd3 70. Rb1 Rd5 71. Ka1 Kc4 72. Ka2 Kc3 73. Rc1+ Kd2 74. Rb1 Kc2 75. Rb4 Kc3 76. Rb2 Rd2 77. Rxd2 Kxd2 78. Kb2 Kd3 79. Kb1 Kc3 80. Ka2 Kc2 81. Ka1 Kb3 82. Kb1 Kxa3 83. Ka1 Kb3 84. Kb1 b4 85. Ka1 a3 86. Kb1 Kc3 87. Ka1 b3 88. Kb1 b2 89. Ka2 Kc2 90. Kxa3 b1=Q 0-1


[Site "https://www.chess.com"]

[Event "Titled Tuesday Blitz January 31 Early 2023"]
[White "Ardila, Oscar Humberto"]
[Black "Jakubowski, Krzysztof"]
[WhiteFideId "4404742"]
[BlackFideId "1112848"]
[WhiteElo "1982"]
[BlackElo "2486"]
[Result "0-1"]
[Round "03"]
[TimeControl "180+2"]
[Date "2023.01.31"]
[WhiteClock "0:00:04"]
[BlackClock "0:00:14"]

1. d4 Nf6 2. c4 e6 3. Nc3 Bb4 4. Bd2 O-O 5. Nf3 d5 6. e3 b6 7. Be2 dxc4 8. Bxc4 Bb7 9. O-O Nbd7 10. Rc1 Re8 11. a3 Bf8 12. Qe2 a6 13. Rfd1 b5 14. Ba2 c5 15. dxc5 Bxc5 16. Be1 Qe7 17. Nd4 Rec8 18. b4 Bb6 19. f3 Ne5 20. Bg3 Nc4 21. Bxc4 Rxc4 22. Nb1 Rac8 23. Rxc4 Rxc4 24. Nb3 Bd5 25. Bf2 Rc8 26. Nd4 Bc4 27. Qb2 Nd5 28. Rc1 Qf6 29. Nd2 Bxd4 30. exd4 h5 31. Ne4 Qf4 32. Qd2 Qxd2 33. Nxd2 f6 34. Ne4 Rc6 35. Nc5 Kf7 36. Re1 Nf4 37. h3 g5 38. Kh2 h4 39. Be3 Nd5 40. Bd2 Ne7 41. g3 hxg3+ 42. Kxg3 Nf5+ 43. Kf2 Nxd4 44. Be3 Nf5 45. Bd2 Rd6 46. Bc3 e5 47. Rc1 Kg6 48. Re1 Rd8 49. Rc1 Rh8 50. Rh1 Rd8 51. Nxa6 Rd3 52. Be1 Nd4 53. Nc5 Rxf3+ 54. Kg2 Rxa3 55. Bf2 Bd5+ 56. Kh2 Bxh1 57. Kxh1 Rxh3+ 58. Kg2 Ra3 59. Bxd4 exd4 60. Kf2 g4 61. Ne4 f5 62. Nd6 f4 63. Nxb5 Ra2+ 64. Ke1 d3 65. Nd4 g3 66. Nf3 Re2+ 67. Kd1 Rf2 68. Ne5+ Kf5 69. Nxd3 Rf3 70. Ne1 Rb3 71. Ke2 Rxb4 72. Nf3 Rb2+ 73. Kf1 Kg4 74. Ne5+ Kh3 75. Nd3 g2+ 76. Kg1 Rb1+ 77. Kf2 g1=Q+ 0-1


[Site "https://www.chess.com"]